 Dungeon Crawl Stone Soup version 0.21.1-1-g345015f (webtiles) character file.

176 wojtek the Chopper (level 5, -9/46 HPs)
             Began as a Minotaur Fighter on Mar 31, 2018.
             Was a Follower of Makhleb.
             Killed by nerve-wracking pain
             ... invoked by Menkaure
              (11 damage)
             ... on level 3 of the Dungeon.
             The game lasted 00:02:50 (2939 turns).

wojtek the Chopper (Minotaur Fighter)               Turns: 2939, Time: 00:02:51

Health: -9/46      AC:  7    Str: 22    XL:     5   Next: 30%
Magic:  5/5        EV:  7    Int:  5    God:    Makhleb [*.....]
Gold:   182        SH:  9    Dex:  9    Spells: 4/4 levels left

rFire    . . .     SeeInvis .   a - +0 war axe
rCold    . . .     Gourm    .   c - +0 shield
rNeg     . . .     Faith    .   b - +0 scale mail
rPois    .         Spirit   .   (helmet restricted)
rElec    .         Reflect  .   (no cloak)
rCorr    .         Harm     .   (no gloves)
MR       .....                  (no boots)
Stlth    ..........             (no amulet)
HPRegen  0.15/turn              (no ring)
MPRegen  0.09/turn              (no ring)

@: no status effects
A: retaliatory headbutt, horns 2
a: Renounce Religion


You were on level 3 of the Dungeon.
You worshipped Makhleb.
Makhleb was aware of your devotion.
You were not hungry.

You visited 1 branch of the dungeon, and saw 4 of its levels.

You collected 182 gold pieces.

Inventory:

Hand Weapons
 a - a +0 war axe (weapon)
 r - a +0 blowgun
Missiles
 s - 28 poisoned needles
Armour
 b - a +0 scale mail (worn)
 c - a +0 shield (worn)
Jewellery
 n - an uncursed ring of positive energy {unknown}
 y - an uncursed ring of ice {unknown}
Wands
 o - a wand of polymorph (13)
 w - a wand of acid (11)
Scrolls
 h - 4 scrolls of identify {unknown}
 i - 5 scrolls of teleportation {unknown}
 j - a scroll of blinking {unknown}
 l - 2 scrolls of remove curse {unknown}
 p - 2 scrolls of random uselessness {unknown}
 u - a scroll of noise {unknown}
 v - 2 scrolls of enchant weapon {unknown}
 x - 2 scrolls of magic mapping {unknown}
Potions
 d - 2 potions of might
 e - a potion of lignification {unknown}
 g - 3 potions of mutation {unknown}
 k - a potion of berserk rage {unknown}
 m - a potion of heal wounds {unknown}
 q - a potion of curing {unknown}
 t - a potion of flight {unknown}
Comestibles
 f - 6 rations


   Skills:
 + Level 3.8 Fighting
 + Level 5.9 Axes
 + Level 3.8 Armour
 - Level 3.6 Shields
 + Level 2.0 Invocations


You had 4 spell levels left.
You didn't know any spells.

Dungeon Overview and Level Annotations

Branches:
Dungeon (4/15)
 Temple: D:4-7

Altars:
Makhleb
The Shining One

Annotations:
D:3 Menkaure
D:4 Eustachio


Innate Abilities, Weirdness & Mutations

You reflexively headbutt those who attack you in melee.
You have a pair of horns on your head.


Message History

Eustachio blinks!
Eustachio says, "My allies will avenge me."
Eustachio mumbles some strange words.
Eustachio gestures wildly while chanting.
Eustachio blinks!
Menkaure blazes with dark energy!
Menkaure giggles, "These cerements are ticklish..."
You block Menkaure's attack.
There is an escape hatch in the ceiling here.
You block Menkaure's attack.
Eustachio casts a spell.
A mysterious force pulls you upwards. The hatch slams shut behind you.
You hit Menkaure but do no damage. You headbutt Menkaure.
Menkaure is heavily damaged.
Menkaure casts a spell at you. Pain shoots through your body!
* * * LOW HITPOINT WARNING * * *
Menkaure casts a spell at you. Pain shoots through your body!
You die...

#.##.###.#.....##.#.# #..# #.
##.##(# #.#....###.#.###>.# 8.
#.....# #.#........#.##...# ##.
#..#### #.###.######.##.#.# #8
##..######.# #.# #......# ##.
##..........###'## ####.### #8.
#.....########...## #.# #.
#.....# ##...).## ##.## #8
#..>..## ##....@..## ##...## #
##.....####....M....###.....#####
##.......+.........+......#.....
##...####.........###.....#####
#..######.......## ##....# #.##
#.........## ####.# #.#
#........## #.# #.# #..####..#
##### #.# #.####..####..#
##.<.###.#


You could see Menkaure.

Vanquished Creatures
  A howler monkey (D:2)
  2 hounds
  An adder (D:4)
  An ooze (D:2)
  2 adder skeletons (D:4)
  A worm (D:3)
  A dart slug (D:2)
  3 orcs (D:3)
  3 giant cockroaches
  14 goblins
  9 hobgoblins
  2 jackals (D:2)
  A quokka (D:4)
  3 bats
  A frilled lizard (D:2)
  6 kobolds
  11 rats
62 creatures vanquished.

Notes
Turn   | Place    | Note
-------+----------+-------------------------------------------
     0 | D:1      | wojtek the Minotaur Fighter began the quest for the Orb.
     0 | D:1      | Reached XP level 1. HP: 19/19 MP: 0/0
   153 | D:1      | Reached skill level 3 in Axes
   385 | D:1      | Reached XP level 2. HP: 24/26 MP: 1/1
   896 | D:2      | Reached skill level 4 in Axes
   913 | D:2      | Reached XP level 3. HP: 31/31 MP: 2/2
  1031 | D:2      | Found a burning altar of Makhleb.
  1038 | D:2      | Reached skill level 5 in Axes
  1044 | D:2      | Became a worshipper of Makhleb the Destroyer
  1132 | D:2      | Reached skill level 1 in Invocations
  1132 | D:2      | Reached XP level 4. HP: 33/39 MP: 3/3
  1687 | D:2      | Found a burning altar of Makhleb.
  2056 | D:3      | Found a glowing golden altar of the Shining One.
  2290 | D:3      | Reached XP level 5. HP: 42/45 MP: 5/5
  2889 | D:4      | Reached * piety under Makhleb
  2893 | D:4      | Noticed Eustachio
  2899 | D:4      | Noticed Menkaure
  2939 | D:3      | HP: 2/46 [Menkaure/nerve-wracking pain (10)]
  2939 | D:3      | Killed from afar by Menkaure

Skill      XL: |  1  2  3  4  5 |
---------------+----------------+-----
Axes           | 3 4 5 |  5.9
Invocations    | 1 2 |  2.0
Fighting       | |  3.8
Armour         | |  3.8
Shields        | |  3.6

Action                   |  1- 3 |  4- 6 || total
-------------------------+-------+-------++-------
Melee: War axe           |    66 |    66 ||   132
       Headbutt          |     6 |    13 ||    19
  Eat: Chunk             |     1 |     5 ||     6
Armor: Scale mail        |    25 |    35 ||    60
Dodge: Dodged            |    21 |    19 ||    40
Block: Shield            |    36 |    49 ||    85
